 Dungeon Crawl Stone Soup version 0.27.1-33-g824d729ab1 (webtiles) character file.

Game seed: 4678969040892362042

1896 potato4science the Covert (level 9, -11/62 HPs)
             Began as an Octopode Brigand on Dec 23, 2021.
             Was an Initiate of Gozag.
             Killed from afar by a steam dragon (23 damage)
             ... with a ball of steam
             ... on level 7 of the Dungeon.
             The game lasted 00:49:06 (9942 turns).

potato4science the Covert (Octopode Brigand)        Turns: 9942, Time: 00:49:07

Health: -11/62     AC:  5    Str: 11    XL:     9   Next: 15%
Magic:  12/12      EV: 15    Int: 15    God:    Gozag
Gold:   702        SH:  0    Dex: 14    Spells: 12/12 levels left

rFire    . . .     SeeInvis .   a - +2 dagger
rCold    . . .     Faith    .   (no shield)
rNeg     . . .     Spirit   .   (helmet restricted)
rPois    .         Reflect  .   (no amulet)
rElec    .         Harm     .   D - +4 ring of protection
rCorr    .         Rampage  .   (no ring)
Will     .....                  (no ring)
Stlth    +++++.....             (no ring)
HPRegen  0.20/turn              (no ring)
MPRegen  0.13/turn              (no ring)
                                (no ring)
                                (no ring)

@: no status effects
A: almost no armour, amphibious, 8 rings, camouflage 1, gelatinous body 1,
(nimble swimmer 1), tentacles
a: Renounce Religion, Potion Petition, Call Merchant, Bribe Branch


You were on level 7 of the Dungeon.
You worshipped Gozag.
Gozag was pleased with you.
You visited 2 branches of the dungeon, and saw 8 of its levels.

You collected 753 gold pieces.
You paid 51 gold pieces to Gozag.

Inventory:

Hand Weapons
 a - a +2 dagger (weapon)
 b - a +0 hunting sling
Missiles
 c - 2 curare-tipped darts
 h - 27 poisoned darts (quivered)
 i - 59 sling bullets
 v - 2 javelins
 y - 8 boomerangs
 A - 22 bolts
Jewellery
 D - a +4 ring of protection (left tentacle)
 F - a ring of poison resistance
Wands
 s - a wand of flame (47)
 B - a wand of acid (8)
Scrolls
 d - a scroll of immolation {unknown}
 e - a scroll of enchant weapon {unknown}
 g - a scroll of fog {unknown}
 j - 2 scrolls of fear {unknown}
 k - a scroll of teleportation
 l - a scroll of silence {unknown}
 m - a scroll of amnesia {unknown}
 o - a scroll of holy word {unknown}
 p - 2 scrolls of noise {unknown}
 w - a scroll of vulnerability {unknown}
 x - a scroll of acquirement {unknown}
 E - a scroll of magic mapping
 G - a scroll of torment {unknown}
 H - a scroll of brand weapon {unknown}
 I - 2 scrolls of blinking {unknown}
Potions
 f - a potion of lignification
 n - a potion of flight
 q - 3 potions of brilliance {unknown}
 r - 2 potions of might
 t - 2 potions of heal wounds
 u - 4 potions of curing
 z - a potion of resistance {unknown}
 C - 3 potions of degeneration {unknown}
 J - a potion of mutation {unknown}


   Skills:
 - Level 6.0 Fighting
 + Level 5.9 Short Blades
 - Level 2.0 Throwing
 - Level 5.0 Dodging
 - Level 10.0 Stealth
 - Level 2.0 Spellcasting
 - Level 2.0 Evocations


You had 12 spell levels left.
You didn't know any spells.
Your spell library contained the following spells:

 Spells                   Type           Power      Damage    Failure   Level
 Animate Skeleton         Necr           2%         N/A       22%         1
 Pain                     Necr           4%         1d4       22%         1
 Corpse Rot               Necr/Air       N/A        N/A       32%         2
 Poisonous Vapours        Pois/Air       2%         N/A       32%         2
 Sublimation of Blood     Necr           0%         N/A       32%         2
 Wereblood                Tmut           1%         N/A       32%         2
 Vampiric Draining        Necr           0%         2d6       54%         3
 Petrify                  Tmut/Erth      1%         N/A       91%         4
 Freezing Cloud           Conj/Ice/Air   0%         6-21      99%         5
 Irradiate                Conj/Tmut      0%         3d14      99%         5
 Dispersal                Tloc           0%         N/A       100%        6
 Summon Hydra             Summ           0%         N/A       100%        7
 Disjunction              Tloc           0%         N/A       100%        8


Dungeon Overview and Level Annotations

Branches:
Dungeon (7/15)             Temple (1/1) D:4

Altars:
Ashenzari
Cheibriados
Dithmenos
Elyvilon
Fedhas
Gozag
Hepliaklqana
Kikubaaqudgha
Makhleb
Okawaru
Qazlal
Ru
Sif Muna
Trog
Uskayaw
Vehumet
Wu Jian
Xom
Yredelemnul
Zin
The Shining One

Shops:
D:2 (   D:6 (

Annotations:
D:6 exclusion: door, Maggie, Pikel


Innate Abilities, Weirdness & Mutations

You cannot wear most types of armour.
You are amphibious.
You can wear up to eight rings at the same time.
Your skin changes colour to match your surroundings (Stealth+).
Your rubbery body absorbs attacks. (AC +1, EV +1)
((You are camouflaged near water. (Stealth+)))
You have tentacles for arms and can constrict up to eight enemies at once.


Message History

You squeeze the steam dragon.
The steam dragon is moderately wounded.
The steam dragon breathes steam at you. The ball of steam hits you!
You hear a shout!
The steam dragon misses you.
The steam dragon claws you but does no damage.
You hit the steam dragon.
The steam dragon is heavily wounded.
The steam dragon closely misses you.
The steam dragon claws you but does no damage.
You closely miss the steam dragon.
The steam dragon is heavily wounded.
You hit the steam dragon but do no damage.
The steam dragon is heavily wounded.
The steam dragon misses you. The steam dragon closely misses you.
You hit the steam dragon.
The steam dragon is severely wounded.
The steam dragon looks more healthy.
The steam dragon closely misses you. x2
You hit the steam dragon.
The steam dragon is severely wounded.
The steam dragon breathes steam at you. The ball of steam hits you!!
You are engulfed in a cloud of scalding steam.
The steam dragon closely misses you. The steam dragon claws you.
* * * LOW HITPOINT WARNING * * *
The steam dragon bites you.
* * * LOW HITPOINT WARNING * * *
The steam dragon claws you but does no damage.
You closely miss the steam dragon.
The steam dragon is severely wounded.
You hit the steam dragon. You squeeze the steam dragon.
The steam dragon is almost dead.
The steam dragon closely misses you. The steam dragon completely misses you.
You hit the steam dragon. Your squeeze misses the steam dragon.
The steam dragon is almost dead.
The steam dragon breathes steam at you. The ball of steam hits you!!
You die...
Your body crumbles into a pile of gold.

####..######.........
#..........#.......>.
#..........#.........
#......<...#.........
##...###..##........
##...####'#.....####
#.........'.....#
#........(#.....#
#....@.(.(#.....#
##..D##...#.....+
#...##...#.....#
#...###+##.....#
#...# ......# +...#
.......# #...+ #...#
#####


You could see a steam dragon (catching breath).

Vanquished Creatures
  Grinder (D:3)
  Menkaure (D:5)
  A black bear (D:4)
  An ogre (D:5)
  A phantom (D:5)
  2 bullfrogs
  A water moccasin zombie (D:4)
  2 scorpions
  A bullfrog zombie (D:5)
  A bullfrog skeleton (D:6)
  7 hounds
  2 jellies
  5 orc priests
  Ijyb (D:5)
  3 iguanas
  Natasha (thrice) (D:2)
  4 orc wizards
  2 hound skeletons (D:4)
  5 gnolls
  5 adders
  3 howler monkey skeletons
  A shadow imp (D:5)
  2 ufetubi
  3 worms
  2 dart slugs
  29 orcs
  6 ball pythons
  4 bats
  6 endoplasms
  2 giant cockroaches
  2 goblins (D:4)
  6 hobgoblins
  6 quokkas
  A frilled lizard (D:1)
  10 kobolds
  20 rats
152 creatures vanquished.

Vanquished Creatures (others)
  A plant (D:6)
1 creature vanquished.

Grand Total: 153 creatures vanquished

Notes
Turn   | Place    | Note
-------+----------+-------------------------------------------
     0 | D:1      | potato4science the Octopode Brigand began the quest for the
                  | Orb.
     0 | D:1      | Reached XP level 1. HP: 14/14 MP: 1/1
   208 | D:1      | Reached XP level 2. HP: 19/19 MP: 2/2
   229 | D:1      | Reached skill level 6 in Stealth
   356 | D:1      | Reached XP level 3. HP: 10/24 MP: 3/3
   567 | D:1      | Found a faded altar of an unknown god.
  1414 | D:2      | Found a broken altar of Ashenzari.
  1460 | D:2      | Noticed Natasha
  1467 | D:2      | Killed Natasha
  1468 | D:2      | Reached XP level 4. HP: 31/31 MP: 4/4
  2233 | D:2      | Found Hiahiqa's Antique Weapon Boutique.
  2238 | D:2      | Noticed Natasha
  2244 | D:2      | Killed Natasha
  2417 | D:2      | Found Hiahiqa's Antique Weapon Boutique.
  2541 | D:2      | Noticed Natasha
  2549 | D:2      | Killed Natasha
  2550 | D:2      | Reached XP level 5. HP: 22/36 MP: 5/5
  2739 | D:3      | Noticed Grinder
  3804 | D:3      | Paralysed by Grinder for 3 turns
  3818 | D:3      | Killed Grinder
  3819 | D:3      | Reached skill level 8 in Stealth
  3819 | D:3      | Reached XP level 6. HP: 13/43 MP: 6/6
  4807 | D:4      | Noticed a black bear
  4810 | D:4      | Killed a black bear
  4811 | D:4      | Reached XP level 7. HP: 48/48 MP: 7/7
  4830 | D:4      | Found a staircase to the Ecumenical Temple.
  5009 | D:4      | Reached skill level 1 in Evocations
  5082 | Temple   | Entered the Ecumenical Temple
  5101 | Temple   | Became a worshipper of Gozag Ym Sagoz the Greedy
  5262 | D:4      | Reached skill level 1 in Spellcasting
  6627 | D:4      | Found a snail-covered altar of Cheibriados.
  6702 | D:5      | Entered Level 5 of the Dungeon
  6844 | D:5      | Reached skill level 9 in Stealth
  6844 | D:5      | Reached XP level 8. HP: 54/54 MP: 11/11
  6997 | D:5      | Noticed Menkaure
  7010 | D:5      | Killed Menkaure
  7011 | D:5      | Reached skill level 5 in Fighting
  7304 | D:5      | Reached skill level 5 in Short Blades
  7911 | D:5      | Reached skill level 5 in Dodging
  7966 | D:5      | Noticed Ijyb
  7973 | D:5      | Killed Ijyb
  8195 | D:6      | Noticed a five-headed hydra
  8195 | D:6      | Found Umus's Hydra Hut.
  8286 | D:6      | Reached skill level 10 in Stealth
  8893 | D:6      | Reached XP level 9. HP: 60/62 MP: 12/12
  9170 | D:6      | Found a basalt altar of Yredelemnul.
  9299 | D:6      | Noticed Maggie
  9326 | D:6      | Found an ornate altar of the Wu Jian Council.
  9386 | D:6      | Noticed Pikel
  9942 | D:7      | Killed from afar by a steam dragon

Illustrated notes

Levels and vault maps discovered:
D:1:      shiori_angband_town, layout_basic, dreamdust_ecumenical_altar_statues,
          minmay_rat_gold_closets
D:2:      layout_loops_corners, basic_altar, serial_shops, shop,
          kennysheep_small_spiral, minmay_misc_feat_enclosed, uniq_natasha
D:3:      layout_basic, kennysheep_doodads, solitary_fountain, uniq_grinder
D:4:      layout_gridville, mainiacjoe_overflow_alcove_4,
          minmay_temple_entry_sparse_star
D:5:      layout_loops_ring, uniq_menkaure, uniq_ijyb
D:6:      layout_gridville, lemuel_doored_altar, nicolae_wu_jian_wuxing_cycle,
          doesnt_shop_hydraphobe, uniq_pikel, uniq_maggie
D:7:      layout_gridville, marbit_many_paths, uniq_duvessa
Temple:   compressed_dpeg_circular_temple

Skill      XL: |  1  2  3  4  5  6  7  8  9 |
---------------+----------------------------+-----
Stealth        | 6 8 9 10 | 10.0
Dodging        | 2 3 4 5 |  5.0
Fighting       | 3 4 5 6 |  6.0
Short Blades   | 3 4 5 |  5.9
Evocations     | 2 |  2.0
Spellcasting   | 2 |  2.0
Throwing       | |  2.0

Action                   |  1- 3 |  4- 6 |  7- 9 || total
-------------------------+-------+-------+-------++-------
Melee: Dagger            |    53 |    86 |   228 ||   367
       Constrict         |     9 |    15 |    45 ||    69
       Tentacles         |     4 |    16 |    50 ||    70
 Fire: Hunting sling     |     2 |     9 |    26 ||    37
Throw: Dart              |     4 |    13 |    13 ||    30
Evoke: Wand              |       |       |     2 ||     2
  Use: Scroll            |       |     6 |     2 ||     8
 Stab: Sleeping          |    21 |    14 |    23 ||    58
       Distracted        |       |       |     1 ||     1
Armor: Skin              |     2 |     3 |    12 ||    17
Dodge: Dodged            |    21 |    50 |   110 ||   181
